 Dungeon Crawl Stone Soup version 0.29.1-2-gbd0b4ee654 (webtiles) character file.

Game seed: 1571555204043861466

494 hawla the Grave Robber (level 6, -3/25 HPs)
             Began as a Felid Necromancer on Nov 22, 2022.
             Slain by a gnoll
             ... wielding a +0 club
              (6 damage)
             ... on level 5 of the Dungeon.
             The game lasted 00:16:26 (5330 turns).

hawla the Grave Robber (Felid Necromancer)          Turns: 5330, Time: 00:16:26

Health: -3/25      AC:  2    Str:  4    XL:     6   Next: 92%
Magic:  12/14      EV: 18    Int: 19    God:
Gold:   248        SH:  0    Dex: 16    Spells: 5/14 levels left
                                        Lives:  0   Deaths: 1

rFire   . . .      SeeInvis +     - Unarmed
rCold   . . .      Faith    .   (shield unavailable)
rNeg    . . .      Spirit   .   (body armour unavailable)
rPois   .          Reflect  .   (helmet unavailable)
rElec   .          Harm     .   (cloak unavailable)
rCorr   .          Rampage  .   (gloves unavailable)
Will    .....                   (boots unavailable)
Stlth   +++.......              (no amulet)
HPRegen 0.08/turn               (no ring)
MPRegen 0.14/turn               (no ring)

@: quick
A: very small, claws 1, fangs 3, see invisible, speed 1, shaggy fur 2, stealthy
paws, no weapons or thrown items, no armour, multi-lived
a: no special abilities


You were on level 5 of the Dungeon.
You visited 2 branches of the dungeon, and saw 6 of its levels.

You collected 248 gold pieces.

Inventory:

Jewellery
 g - a ring of positive energy
 p - a ring of wizardry
Scrolls
 a - 6 scrolls of identify
 b - a scroll of teleportation
 c - 2 scrolls of enchant armour {unknown}
 d - a scroll of poison {unknown}
 e - a scroll of magic mapping
 i - 2 scrolls of blinking
 m - a scroll of vulnerability {unknown}
 o - a scroll of fear {unknown}
Potions
 f - 2 potions of lignification
 h - 2 potions of attraction
 j - 2 potions of haste
 l - a potion of degeneration
 n - a potion of berserk rage


   Skills:
 + Level 0.3 Fighting
 + Level 4.0 Dodging
 + Level 3.8 Stealth
 + Level 2.3 Unarmed Combat
 + Level 4.9 Spellcasting
 + Level 6.3 Necromancy


You had 5 spell levels left.
You knew the following spells:

 Your Spells              Type           Power      Damage    Failure   Level
a - Necrotise             Necr           100%       1d9       1%          1
b - Vampiric Draining     Necr           28%        2d8       2%          3
c - Animate Dead          Necr           28%        N/A       9%          4
d - Foxfire               Conj/Fire      16%        2x1d4     13%         1

Your spell library contained the following spells:

 Spells                   Type           Power      Damage    Failure   Level
 Agony                    Necr           28%        N/A       26%         5
 Conjure Flame            Conj/Fire      4%         6-21      36%         3
 Inner Flame              Hex/Fire       4%         N/A       36%         3
 Flame Wave               Conj/Fire      4%         2d5       77%         4


Dungeon Overview and Level Annotations

Branches:
Dungeon (5/15)             Temple (1/1) D:4

Altars:
Cheibriados
Dithmenos
Elyvilon
Gozag
Kikubaaqudgha
Nemelex Xobeh
Ru
Sif Muna
Trog
Uskayaw
Vehumet
Wu Jian
Xom
Zin


Innate Abilities, Weirdness & Mutations

You have sharp claws.
You have razor-sharp teeth.
You have supernaturally acute eyesight. (SInv)
You cover ground quickly. (Speed+)
You are covered in thick fur. (AC +2)
Your paws help you pounce on unaware monsters.
You are incapable of wielding weapons or throwing items.
You cannot wear armour.
You gain extra lives every three experience levels.


Message History

The dead are walking!
Unknown command.
Your reaping aura is weakening.
Your reaping aura expires.
You swap places.
Found a stone staircase leading up.
a - 6 scrolls of identify (gained 1)
f - 2 potions of lignification (gained 1)
You now have 233 gold pieces (gained 17).
b - a scroll of teleportation You swap places.
There is a stone staircase leading up here.
You now have 248 gold pieces (gained 15).
You swap places.
A gnoll comes into view.
It is wielding a +0 flail. 2 gnolls come into view.
The gnoll shouts! x3
The gnoll hits you from afar with a +0 spear!
The gnoll barely misses you.
Your adder zombie closely misses the gnoll.
Casting: Necrotise (safe; 1% risk of failure)
Confirm with . or Enter, or press ? or * to list all spells.
Aiming: Necrotise (safe; 1% risk of failure)
Press: ? - help, Shift-Dir - straight line, f - gnoll
Aim: a gnoll, wielding a +0 club (ally target, chance to affect: 88%)
The gnoll writhes in agony.
The gnoll hits you from afar with a +0 spear!
The gnoll barely misses you. The gnoll closely misses you.
Casting: Necrotise (safe; 1% risk of failure)
Confirm with . or Enter, or press ? or * to list all spells.
Aiming: Necrotise (safe; 1% risk of failure)
Press: ? - help, Shift-Dir - straight line, f/p - gnoll
Aim: a gnoll, wielding a +0 club (heavily wounded, ally target, chance to affect: 88%)
The gnoll barely resists.
The gnoll hits you from afar with a +0 spear.
* * * LOW HITPOINT WARNING * * *
The gnoll hits you with a +0 flail.
* * * LOW HITPOINT WARNING * * *
The gnoll hits you with a +0 club.
You die...

......##
#[#..##...)...
#..##.# #.##..#......
......####.# #......#
##<........# #......#
##....Z##### #......#
##...Z## #......#
##....########......#
............ZZ..Z...#
##....########Zg@...#
###### #...g..#
#..g...# #......#
########


You could see 3 gnolls, 2 friendly iguana zombies, a friendly adder zombie and a
friendly orc zombie.

Vanquished Creatures
  Sigmund (D:3)
  2 scorpions
  A howler monkey (D:5)
  2 orc priests (D:4)
  2 iguanas (D:5)
  8 gnolls
  5 adders
  3 dart slugs
  4 worms
  6 orcs
  3 bats
  3 endoplasms
  4 giant cockroaches
  7 goblins
  2 hobgoblins
  2 jackals (D:4)
  4 quokkas
  7 ball pythons
  3 frilled lizards
  7 kobolds
  4 rats
80 creatures vanquished.

Vanquished Creatures (collateral kills)
  A gnoll bouda (D:4)
  2 gnolls (D:4)
  A white imp (D:4)
  3 quokkas
  A ball python (D:3)
  2 goblins (D:3)
  A rat (D:3)
11 creatures vanquished.

Vanquished Creatures (others)
  An orc zombie (D:4)
  A gnoll zombie (D:4)
  4 foxfires (D:4)
6 creatures vanquished.

Grand Total: 97 creatures vanquished

Notes
Turn   | Place    | Note
-------+----------+-------------------------------------------
     0 | D:1      | hawla the Felid Necromancer began the quest for the Orb.
     0 | D:1      | Reached XP level 1. HP: 7/7 MP: 4/4
   211 | D:1      | Reached XP level 2. HP: 11/11 MP: 4/6
   552 | D:1      | Found a faded altar of an unknown god.
   792 | D:1      | Reached XP level 3. HP: 14/14 MP: 3/7
   796 | D:1      | Learned a level 3 spell: Vampiric Draining
  2006 | D:3      | Reached XP level 4. HP: 15/18 MP: 1/8
  2301 | D:3      | Reached skill level 1 in Unarmed Combat
  2334 | D:3      | Noticed Sigmund
  2361 | D:3      | Killed Sigmund
  2362 | D:3      | Reached skill level 5 in Necromancy
  2362 | D:3      | Reached XP level 5. HP: 11/21 MP: 0/11
  2678 | D:3      | Gained mutation: You are covered in thick fur. (AC +2)
                  | [Felid growth]
  2678 | D:3      | Reached XP level 6. HP: 24/24 MP: 8/12
  2967 | D:3      | Found a shimmering altar of Xom.
  3321 | D:3      | Found an ornate altar of the Wu Jian Council.
  3332 | D:3      | Learned a level 4 spell: Animate Dead
  3356 | D:4      | Found a staircase to the Ecumenical Temple.
  3390 | Temple   | Entered the Ecumenical Temple
  4013 | D:4      | Learned a level 1 spell: Foxfire
  4295 | D:4      | Killed from afar by an orc priest
  4296 | D:4      | Reached XP level 5. HP: 0/21 MP: 0/12
  4420 | D:4      | Found the +3 robe of Clouds {*Thunder rCloud rElec}
  4568 | D:4      | Reached skill level 6 in Necromancy
  4578 | D:4      | Reached XP level 6. HP: 9/24 MP: 0/13
  4588 | D:4      | HP: 1/36 [gnoll bouda/+0 club (4)]
  4883 | D:4      | Found a shimmering blue altar of Sif Muna.
  4945 | D:5      | Entered Level 5 of the Dungeon
  5330 | D:5      | Slain by a gnoll

Illustrated notes

Levels and vault maps discovered:
D:1:      sevenhm_arrival_forest_fort_small_3, layout_basic,
          chequers_ecumenical_altar_simple_redux, dk_noncrumbling_2,
          minmay_misc_feat_tower
D:2:      layout_basic
D:3:      layout_loops_corners, xom_confusion_cloud,
          pdpol_wu_jian_five_deadly_venoms, minmay_goblin_kobold_house,
          uniq_sigmund
D:4:      layout_rooms, kennysheep_little_box, minmay_temple_entry_statues
D:5:      layout_rooms
Temple:   minmay_temple_curvy_loop

Skill      XL: |  1  2  3  4  5  6 |
---------------+-------------------+-----
Dodging        | 3 4 |  4.0
Stealth        | 3 |  3.8
Unarmed Combat | 1 2 |  2.3
Spellcasting   | 3 4 |  4.9
Necromancy     | 5 6 |  6.3
Fighting       | |  0.3

Action                   |  1- 3 |  4- 6 || total
-------------------------+-------+-------++-------
Melee: Unarmed           |    28 |    57 ||    85
       Bite              |     3 |     5 ||     8
       Punch             |       |     1 ||     1
 Cast: Necrotise         |    48 |    87 ||   135
       Vampiric Draining |     2 |    10 ||    12
       Animate Dead      |       |     8 ||     8
       Foxfire           |       |     2 ||     2
  Use: Scroll            |    10 |     3 ||    13
       Potion            |       |     7 ||     7
 Stab: Sleeping          |     3 |     1 ||     4
       Confused          |       |     1 ||     1
Armor: Skin              |     1 |    40 ||    41
Dodge: Dodged            |    32 |   123 ||   155
